 Dungeon Crawl Stone Soup version 0.29.1-1-gd02db6906a (webtiles) character file.

Game seed: 7289846860165732739

110 Earthwalker the Covered (level 4, -7/40 HPs)
             Began as a Minotaur Fighter on Oct 13, 2022.
             Mangled by an ogre
             ... wielding a +0 giant club
              (19 damage)
             ... on level 3 of the Dungeon.
             The game lasted 00:03:26 (2160 turns).

Earthwalker the Covered (Minotaur Fighter)          Turns: 2160, Time: 00:03:26

Health: -7/40      AC:  9    Str: 22    XL:     4   Next: 61%
Magic:  3/3        EV:  9    Int:  5    God:
Gold:   70         SH:  4    Dex: 10    Spells: 3/3 levels left

rFire   + . .      SeeInvis .   a - +0 trident
rCold   . . .      Faith    .   c - +0 buckler
rNeg    . . .      Spirit   .   u - +2 scale mail {rF+}
rPois   .          Reflect  .   (helmet restricted)
rElec   .          Harm     .   (no cloak)
rCorr   .          Rampage  .   (no gloves)
Will    .....                   (no boots)
Stlth   ..........              (no amulet)
HPRegen 0.13/turn               (no ring)
MPRegen 0.08/turn               (no ring)

@: no status effects
A: horns 2, retaliatory headbutt
a: no special abilities


You were on level 3 of the Dungeon.
You visited 1 branch of the dungeon, and saw 3 of its levels.

You collected 70 gold pieces.

Inventory:

Hand Weapons
 a - a +0 trident (weapon)
Missiles
 r - 6 poisoned darts (quivered)
 s - a throwing net
Armour
 b - a +0 scale mail
 c - a +0 buckler (worn)
 u - a +2 scale mail of fire resistance (worn)
Jewellery
 k - a ring of magical power
 o - a ring of wizardry
Scrolls
 f - 3 scrolls of identify {unknown}
 g - a scroll of teleportation {unknown}
 h - 2 scrolls of immolation {unknown}
 i - a scroll of brand weapon {unknown}
 j - 2 scrolls of enchant weapon {unknown}
 l - a scroll of blinking {unknown}
 m - a scroll of magic mapping {unknown}
 q - 2 scrolls of poison {unknown}
 t - a scroll of torment {unknown}
 w - a scroll of vulnerability {unknown}
Potions
 d - 2 potions of might
 e - a potion of ambrosia {unknown}
 n - a potion of mutation {unknown}
 p - 2 potions of lignification {unknown}
 v - 2 potions of curing {unknown}


   Skills:
 * Level 4.2 Fighting
 * Level 3.1 Polearms
 + Level 1.0 Throwing
 * Level 4.3 Armour
 * Level 1.2 Dodging
 + Level 0.6 Stealth
 * Level 4.1 Shields
 + Level 0.7 Invocations
 + Level 0.7 Evocations


You had 3 spell levels left.
You didn't know any spells.
Your spell library contained the following spells:

 Spells                   Type           Power      Damage    Failure   Level
 Scorch                   Fire           0%         2d5       95%         2
 Flame Wave               Conj/Fire      0%         2d4       100%        4
 Summon Cactus Giant      Summ           0%         N/A       100%        6


Dungeon Overview and Level Annotations

Branches:
Dungeon (3/15)

Altars:

Shops:
D:1 (


Innate Abilities, Weirdness & Mutations

You have a pair of horns on your head.
You reflexively headbutt those who attack you in melee.


Message History

An orc comes into view. It is wielding a +0 flail.
You hit the hobgoblin.
You kill the hobgoblin!
The orc hits you but does no damage.
An adder comes into view.
The orc hits you with a +0 flail.
You barely miss the orc. You headbutt the orc!
You kill the orc!
You miss the adder. The adder barely misses you. The adder closely misses you.
A howler monkey comes into view.
You closely miss the adder. Your headbutt misses the adder.
The adder bites you. You block the adder's attack.
You hit the ogre but do no damage. Your headbutt misses the ogre.
The ogre closely misses you. The adder barely misses you.
You furiously retaliate!
You headbutt the adder! You puncture the adder!
You kill the adder!
The ogre hits you with a +0 giant club!!
Ouch! That really hurt!
You are too injured to fight recklessly!
You are too injured to fight recklessly!
You are too injured to fight recklessly!
You are too injured to fight recklessly!
You barely miss the ogre. You headbutt the ogre!
The ogre is moderately wounded.
The howler monkey barely misses you. The ogre barely misses you.
You hit the ogre.
The ogre is moderately wounded.
The howler monkey hits you but does no damage. x2
The ogre closely misses you.
You hit the ogre. Your headbutt misses the ogre.
The ogre is heavily wounded.
The howler monkey hoots and howls with incredible vigour!
You hear an angry hiss.
You hear a shout!
You hit the ogre. You headbutt the ogre.
The ogre is severely wounded.
The howler monkey hits you.
* * * LOW HITPOINT WARNING * * *
The ogre hits you with a +0 giant club!!
You die...

#.#.#...#
#..#
##.#†.#..#
#..#
#.#..###..#
#..# ##..##
#..# #†.#
#..## #..#
#..# #.##
#.# #..#
#..##
.######..#
##..##
#.......#
#.#†@#
#.#####.#
##.#Oh...#
#......#
#.#.#...#.#
#.#####.#
#### ####
#.# #.# #.#
#######.#
.........
#######..


You could see an ogre and a howler monkey (catching breath).

Vanquished Creatures
  Terence (D:2)
  Natasha (D:3)
  2 adders
  4 worms
  An orc (D:3)
  3 endoplasms
  A goblin (D:2)
  4 hobgoblins
  2 ball pythons
  5 bats
  3 kobolds (D:2)
  4 rats
31 creatures vanquished.

Notes
Turn   | Place    | Note
-------+----------+-------------------------------------------
     0 | D:1      | Earthwalker the Minotaur Fighter began the quest for the
                  | Orb.
     0 | D:1      | Reached XP level 1. HP: 19/19 MP: 0/0
   258 | D:1      | Found Sazal's Weapon Boutique.
   736 | D:1      | Found a faded altar of an unknown god.
   892 | D:2      | Reached XP level 2. HP: 27/27 MP: 1/1
  1314 | D:2      | Reached XP level 3. HP: 29/33 MP: 2/2
  1531 | D:2      | Noticed Terence
  1550 | D:2      | Killed Terence
  1551 | D:2      | Reached skill level 1 in Dodging
  1980 | D:3      | Noticed Natasha
  1986 | D:3      | Killed Natasha
  1987 | D:3      | Reached XP level 4. HP: 34/40 MP: 3/3
  2056 | D:3      | Reached skill level 1 in Throwing
  2149 | D:3      | Noticed an ogre
  2160 | D:3      | Mangled by an ogre

Illustrated notes

Levels and vault maps discovered:
D:1:      giann_wishing_wells, layout_loops_ring, serial_shops, shop_fountains,
          hellmonk_ecumenical_altar_leap_of_faith, patterned_corridor
D:2:      layout_loops_corners, minmay_strange_pillars, moated_statue,
          uniq_terence
D:3:      minmay_diamond_boxcup, layout_loops_ring, columned_hall_lemuel,
          uniq_natasha

Skill      XL: |  1  2  3  4 |
---------------+-------------+-----
Armour         | 4 |  4.3
Fighting       | 4 |  4.2
Dodging        | 1 |  1.2
Shields        | 4 |  4.1
Polearms       | 3 |  3.1
Throwing       | 1 |  1.0
Stealth        | |  0.6
Invocations    | |  0.7
Evocations     | |  0.7

Action                   |  1- 3 |  4- 6 || total
-------------------------+-------+-------++-------
Melee: Trident           |    80 |    27 ||   107
       Headbutt          |     6 |     9 ||    15
Armor: Scale mail        |    27 |     8 ||    35
Dodge: Dodged            |    27 |     9 ||    36
Block: Buckler           |     8 |     2 ||    10
